AoeStats
← TrissTess

Arabia

509776577Analyzed
1v1 RM · 5d ago on Sep 28, 2026· 27m 53s· 2 players
Game mode
Random Map
Map size
Tiny (2 player)
Population
200
Speed
Normal
Resources
Standard
Victory
Conquest
Starting age
Dark Age
Ending age
Imperial Age
RankedLock teamsTeams togetherTeam positionsShared explorationLock speedFull tech treeHidden civsTurbo modeCheats
Victory
Defeat
🇺🇸 Saxons · United States
1065
+15
🇨🇦 Vietnamese · Canada
1047
-15
TrissTess
7:29 Loom
10:46 Feudal Age
13:59 Fletching
14:45 Padded Archer Armor
15:23 Wheelbarrow
15:21 Horse Collar
16:32 Double-Bit Axe
23:49 Castle Age
25:31 Pikeman
25:52 Crossbowman
CouchCommander
10:20 Feudal Age
8:36 Loom
11:48 Horse Collar
11:55 Double-Bit Axe
18:10 Town Watch
21:39 Castle Age
19:49 Fletching
20:20 Gold Mining
20:46 Padded Archer Armor
Connection lost

Rejoining the realm…

Still unreachable

The connection could not be restored.

Session expired

The server has moved on; the page needs a fresh start.